 Dungeon Crawl Stone Soup version 0.27-a0-1532-gca18f49f40 (webtiles) character file.

Game seed: 11583928358883038716

261 ktje the Chopper (level 5, -1/48 HPs)
             Began as a Minotaur Berserker on July 13, 2021.
             Was a Priest of Trog.
             Slain by an orc wizard (3 damage)
             ... on level 3 of the Dungeon.
             The game lasted 00:07:02 (3059 turns).

ktje the Chopper (Minotaur Berserker)               Turns: 3059, Time: 00:07:03

Health: -1/48      AC:  2    Str: 23    XL:     5   Next: 96%
Magic:  4/4        EV: 12    Int:  4    God:    Trog [***...]
Gold:   95         SH:  0    Dex:  9    Spells: 4/4 levels left

rFire    . . .     SeeInvis .   a - +0 hand axe
rCold    . . .     Faith    .   (no shield)
rNeg     . . .     Spirit   .   b - +0 animal skin
rPois    .         Reflect  .   (helmet restricted)
rElec    .         Harm     .   (no cloak)
rCorr    .         Rampage  .   (no gloves)
Will     .....                  (no boots)
Stlth    +.........             (no amulet)
HPRegen  0.16/turn              h - ring of flight
MPRegen  0.09/turn              (no ring)

@: flying, invisible
A: horns 2, retaliatory headbutt
a: Renounce Religion, Berserk, Trog's Hand


You were on level 3 of the Dungeon.
You worshipped Trog.
Trog was most pleased with you.
You visited 1 branch of the dungeon, and saw 3 of its levels.
You also visited: Sewer.

You collected 95 gold pieces.

Inventory:

Hand Weapons
 a - a +0 hand axe (weapon)
Missiles
 d - 12 poisoned darts (quivered)
Armour
 b - a +0 animal skin (worn)
 l - a +0 buckler
Jewellery
 h - a ring of flight (left hand)
Scrolls
 f - a scroll of amnesia {unknown}
 g - a scroll of identify
 i - a scroll of fog
 k - a scroll of noise {unknown}
 m - 6 scrolls of teleportation {unknown}
 p - a scroll of enchant armour {unknown}
Potions
 c - 2 potions of might
 e - a potion of invisibility
 j - a potion of magic
 n - a potion of attraction {unknown}
 o - 2 potions of flight {unknown}


   Skills:
 + Level 5.2 Fighting
 + Level 5.3 Axes
 + Level 2.7 Armour
 + Level 4.0 Dodging
 + Level 1.4 Stealth


You had 4 spell levels left.
You didn't know any spells.
Your spell library was empty.

Dungeon Overview and Level Annotations

Branches:
Dungeon (3/15)              Sewer (visited)

Altars:
Makhleb


Innate Abilities, Weirdness & Mutations

You have a pair of horns on your head.
You reflexively headbutt those who attack you in melee.


Message History

You kill the orc!
Trog accepts your kill.
The orc wizard hits you with a +0 club. x2
Things that are here:
a +0 flail; 10 stones; a +0 leather armour You hit the orc wizard.
The orc wizard is lightly wounded.
You feel yourself speed up.
The orc wizard gestures wildly while chanting.
The orc wizard flickers and vanishes!
Deactivating autopickup; reactivate with Ctrl-A.
You barely miss something. Your headbutt misses something.
Something hits you but does no damage.
You slash the endoplasm!
You kill the endoplasm!
Trog accepts your kill.
You slash something! Something hits you.
No target in view!
No target in view!
You closely miss something. You headbutt something.
You hear some strange, mumbled words.
You are confused.
Something hits you. Something hits you.
You hear some strange, mumbled words.
A puff of flame appears from out of thin air!
The puff of flame hits you.
* * * LOW HITPOINT WARNING * * *
You bump into the rock wall.
You completely miss something. You headbutt something.
You hear some strange, mumbled words.
A magic dart appears from out of thin air!
The magic dart hits you!
* * * LOW HITPOINT WARNING * * *
You feel less confused. Something hits you.
* * * LOW HITPOINT WARNING * * *
You fade into invisibility!
You recover from your berserk rage.
Something hits you.
You die...

...# .... ....#
..... ....# .....
#######....# ....#
#..........# ##
.....##..........#
##. #.............#
#.. #..).........#
#.. #{@..........#
#.. #............#
#.. ###..........#
#..
######)##########..
#.....)).).........
######.#########...
#..# #.....
######.######.#...
#........##...#...


There were no monsters in sight!

Vanquished Creatures
  A centaur (D:3)
  9 adders
  4 worms
  2 dart slugs (D:1)
  5 orcs (D:3)
  12 bats
  7 endoplasms
  4 giant cockroaches
  4 goblins
  2 hobgoblins
  8 jackals
  4 kobolds
  5 quokkas
  10 ball pythons
  3 frilled lizards (D:1)
  3 rats
83 creatures vanquished.

Notes
Turn   | Place    | Note
-------+----------+-------------------------------------------
     0 | D:1      | ktje the Minotaur Berserker began the quest for the Orb.
     0 | D:1      | Reached XP level 1. HP: 19/19 MP: 0/0
   321 | D:1      | Reached XP level 2. HP: 15/27 MP: 1/1
   728 | D:1      | Found a faded altar of an unknown god.
  1112 | D:2      | Reached XP level 3. HP: 21/33 MP: 2/2
  1538 | D:2      | Reached ** piety under Trog
  1856 | D:2      | Reached XP level 4. HP: 38/41 MP: 3/3
  2225 | D:3      | Found a glowing drain.
  2270 | Sewer    | Entered a sewer
  2466 | Sewer    | Reached XP level 5. HP: 47/47 MP: 4/4
  2777 | Sewer    | Reached skill level 1 in Stealth
  2938 | D:3      | Found a burning altar of Makhleb.
  2938 | D:3      | Noticed a green death
  2962 | D:3      | Reached skill level 5 in Fighting
  3013 | D:3      | Noticed a centaur
  3026 | D:3      | Killed a centaur
  3027 | D:3      | Reached skill level 5 in Axes
  3035 | D:3      | Reached *** piety under Trog
  3058 | D:3      | HP: 2/48 [something (2)]
  3059 | D:3      | Slain by an orc wizard

Illustrated notes

Levels and vault maps discovered:
D:1:      lightli_arrival_noodles, layout_loops_corners,
          dreamdust_ecumenical_altar_angels_and_demons
D:2:      layout_basic
D:3:      layout_basic, makhleb_altar_promises_db, mainiacjoe_overflow_paths,
          mainiacjoe_overflow_alcove_4, gup_sewer_entry_glass, minmay_distorted

Skill      XL: |  1  2  3  4  5 |
---------------+----------------+-----
Fighting       | 4 5 |  5.2
Axes           | 4 5 |  5.3
Dodging        | 3 4 |  4.0
Stealth        | 1 |  1.4
Armour         | |  2.7

Action                   |  1- 3 |  4- 6 || total
-------------------------+-------+-------++-------
Melee: Hand axe          |    63 |    94 ||   157
       Headbutt          |     9 |    15 ||    24
Invok: Berserk           |       |     3 ||     3
       Trog's Hand       |       |     2 ||     2
  Use: Potion            |     1 |     3 ||     4
       Scroll            |     1 |     2 ||     3
 Stab: Sleeping          |     3 |     2 ||     5
Armor: Animal skin       |    12 |    24 ||    36
Dodge: Dodged            |    42 |    64 ||   106

Table legend: (Time is in decaauts)
 A = Elapsed time spent in this place.
 B = Non-inter-level travel time spent in this place.
 C = Inter-level travel time spent in this place.
 D = Time resting spent in this place.
 E = Time spent auto-exploring this place.
 F = Levels seen in this place.
 G = Mean time per level.
                   A        B        C        D        E       F      G
               +--------+--------+--------+--------+--------+-----+--------+
         Total |   3101 |   2991 |    110 |    100 |   2412 |   4 |  775.2 |
       Dungeon |   2474 |   2364 |    110 |      0 |   2011 |   3 |  824.7 |
         Sewer |    627 |    627 |      0 |    100 |    401 |   1 |  627.0 |
               +--------+--------+--------+--------+--------+-----+--------+

Top non-repeatable levels by time:
     D:1: 1084 daAuts
     D:2: 980 daAuts
   Sewer: 627 daAuts
     D:3: 410 daAuts
